 Dungeon Crawl Stone Soup version 0.31-a0-841-g038b102fc3 (console) character file.

Game seed: 15175802240631535304

1576111 questionabletactics the Worldbinder (level 27, 183/225 HPs)
             Began as a Human Summoner on Sept 27, 2023.
             Was the Champion of the Shining One.
             Escaped with the Orb
             ... and 3 runes on Sept 28, 2023!
             The game lasted 04:14:04 (78787 turns).

questionabletactics the Worldbinder (HuSu)         Turns: 78787, Time: 04:14:04

Health: 183/225    AC: 29    Str:  6    XL:     27
Magic:  28/38      EV: 23    Int: 21    God:    the Shining One [******]
Gold:   3124       SH: 18    Dex: 29    Spells: 19/48 levels left

rFire   + + +        b - +9 eudemon blade (holy)
rCold   + . .        O - +2 kite shield
rNeg    + + +        W - +5 ring mail {rF+}
rPois   +            Y - +0 helmet of the Hippogriff {rPois rC+ Will+}
rElec   +            J - +2 cloak {rPois}
rCorr   .            K - +0 pair of gloves of Lucidity {Int+4 Dex+3}
SInv    +            N - +2 pair of boots {Fly}
Will    +++..        c - amulet "Fasaleno" {rF+ Regen+ SInv}
Stlth   +            z - +4 ring of protection
HPRegen 1.37/turn    v - ring of Ronihaol {Fly rElec rF+ Str-4 Dex+5}
MPRegen 0.26/turn

%: no passive effects
@: flying, glowing, studying Maces & Flails
A: hooves 1, dopey 1, sense surroundings 1, screaming 1, weak 1, subdued magic 1
0: Orb of Zot
}: 3/15 runes: decaying, silver, gossamer
a: Renounce Religion, Divine Shield, Cleansing Flame, Summon Divine Warrior


You escaped.
You worshipped the Shining One.
The Shining One was exalted by your worship.
You visited 10 branches of the dungeon, and saw 50 of its levels.
You visited the Abyss 4 times.
You also visited: Ice Cave.

You collected 8755 gold pieces.
You spent 5631 gold pieces at shops.

Inventory:

Hand Weapons
 a - the +8 autumn katana {manifold assault}
   (You bought it in a shop on level 2 of the Orcish Mines)
 b - a +9 eudemon blade of holy wrath (weapon)
 m - a +4 scimitar of flaming
Missiles
 n - 5 throwing nets
 o - 6 curare-tipped darts
Armour
 f - the +0 hat of Weemap {rF+ rC+ Int+3}
   (You found it on level 4 of the Spider Nest)

   Int+3:     It affects your intelligence (+3).
   rF+:       It protects you from fire.
   rC+:       It protects you from cold.
 J - a +2 cloak of poison resistance (worn)
 K - the +0 pair of gloves of Lucidity (worn) {Int+4 Dex+3}
   (You acquired it on level 3 of the Lair of Beasts)

   Int+4:     It affects your intelligence (+4).
   Dex+3:     It affects your dexterity (+3).
 N - a +2 pair of boots of flying (worn)
 O - a +2 kite shield (worn)
 Q - the +7 Kryia's mail coat {PotionHeal*2 rC+}
   (You bought it in a shop on level 7 of the Dungeon)

   PotionHeal*2: Potions heal its wearer twice as much.
   rC+:       It protects you from cold.
 W - a +5 ring mail of fire resistance (worn)
 Y - the +0 helmet of the Hippogriff (worn) {rPois rC+ Will+}
   (You found it on level 3 of the Elven Halls)

   rC+:       It protects you from cold.
   rPois:     It protects you from poison Will+: It increases your willpower.
Jewellery
 c - the amulet "Fasaleno" (around neck) {rF+ Regen+ SInv}
   (You bought it in a shop on level 2 of the Orcish Mines)

   [amulet of regeneration]

   rF+:       It protects you from fire.
   SInv:      It lets you see invisible.
   Regen+:    It increases your rate of health regeneration.
 h - a +6 ring of dexterity
 r - a ring of wizardry
 v - the ring of Ronihaol (right hand) {Fly rElec rF+ Str-4 Dex+5}
   (You bought it in a shop on level 2 of the Orcish Mines)

   [ring of flight]

   Str-4:     It affects your strength (-4).
   Dex+5:     It affects your dexterity (+5).
   rF+:       It protects you from fire.
   rElec:     It insulates you from electricity.
   Fly:       It grants you flight.
 z - a +4 ring of protection (left hand)
 E - a ring of protection from cold
 I - a +6 ring of intelligence
 S - a ring of willpower
Wands
 t - a wand of roots (35)
 y - a wand of acid (23)
 A - a wand of mindburst (16)
 C - a wand of paralysis (76)
 H - a wand of polymorph (14)
 T - a wand of digging (12)
Scrolls
 e - 7 scrolls of fear
 l - 8 scrolls of teleportation
 p - 13 scrolls of vulnerability
 x - a scroll of summoning
 F - 2 scrolls of silence
 P - 3 scrolls of amnesia
 V - 5 scrolls of fog
Potions
 d - 5 potions of mutation
 g - 14 potions of curing
 i - 4 potions of brilliance
 k - 6 potions of magic
 s - 4 potions of heal wounds
 u - 5 potions of enlightenment
 w - 3 potions of ambrosia
 G - 7 potions of might
 L - 2 potions of resistance
 U - 4 potions of cancellation
Miscellaneous
 B - a phial of floods
 D - a box of beasts
 M - a lightning rod (4/4)


   Skills:
 - Level 20.3 Fighting
 - Level 12.3 Long Blades
 - Level 7.0 Maces & Flails
 + Level 19.1 Armour
 - Level 19.9 Dodging
 - Level 2.0 Stealth
 - Level 15.0 Shields
 - Level 11.2 Spellcasting
 - Level 4.0 Hexes
 - Level 21.0 Summonings
 - Level 5.0 Translocations
 - Level 1.5 Air Magic
 - Level 20.1 Invocations
 - Level 8.0 Evocations


You had 19 spell levels left.
You knew the following spells:

 Your Spells              Type           Power      Damage    Failure   Level
a - Summon Small Mammal   Summ           100%       N/A       0%          1
c - Call Canine Familiar  Summ           67%        N/A       0%          3
d - Summon Guardian Gole  Hex/Summ       49%        N/A       1%          3
e - Summon Lightning Spi  Summ/Air       45%        N/A       2%          4
f - Blink                 Tloc           50%        N/A       5%          2
g - Summon Cactus Giant   Summ           33%        N/A       1%          6
h - Summon Mana Viper     Hex/Summ       49%        N/A       4%          5
i - Summon Forest         Summ/Tloc      25%        N/A       3%          5

Your spell library contained the following spells:

 Spells                   Type           Power      Damage    Failure   Level
 Call Imp                 Summ           100%       N/A       0%          2
 Apportation              Tloc           50%        N/A       3%          1
 Slow                     Hex            88%        N/A       5%          1
 Lesser Beckoning         Tloc           50%        N/A       5%          2
 Jinxbite                 Hex            44%        N/A       9%          2
 Gell's Gravitas          Tloc           25%        N/A       12%         3
 Teleport Other           Tloc           25%        N/A       12%         3
 Momentum Strike          Conj/Tloc      34%        3d8       17%         2
 Confusing Touch          Hex            22%        N/A       17%         3
 Sigil of Binding         Hex            22%        N/A       17%         3
 Tukima's Dance           Hex            22%        N/A       17%         3
 Ensorcelled Hibernation  Hex/Ice        30%        N/A       21%         2
 Shock                    Conj/Air       44%        1d5       22%         1
 Foxfire                  Conj/Fire      36%        2x1d5     32%         1
 Freeze                   Ice            36%        1d5       32%         1
 Kiss of Death            Conj/Necr      36%        2d8       32%         1
 Magic Dart               Conj           36%        1d4       32%         1
 Volatile Blastmotes      Fire/Tloc      34%        2d12      32%         3
 Cigotuvi's Dreadful Rot  Necr/Pois/Air  20%        N/A       36%         2
 Inner Flame              Hex/Fire       15%        N/A       38%         3
 Manifold Assault         Tloc           25%        N/A       38%         4
 Passage of Golubria      Tloc           25%        N/A       38%         4
 Passwall                 Tmut/Erth      7%         N/A       45%         2
 Searing Ray              Conj           18%        2d5       45%         2
 Sublimation of Blood     Necr           9%         N/A       45%         2
 Wereblood                Tmut           9%         N/A       45%         2
 Swiftness                Air            14%        N/A       45%         3
 Dimensional Bullseye     Hex/Tloc       11%        N/A       45%         4
 Cause Fear               Hex            11%        N/A       52%         4
 Vhi's Electric Charge    Tloc/Air       38%        N/A       63%         4
 Frozen Ramparts          Ice            18%        1d3       69%         3
 Hailstorm                Conj/Ice       9%         3d4       69%         3
 Ignite Poison            Fire/Tmut/Pois 9%         N/A       69%         3
 Ozocubu's Armour         Ice            9%         N/A       69%         3
 Vampiric Draining        Necr           9%         2d6       69%         3
 Iskenderun's Mystic Bla  Conj/Tloc      17%        2d5       75%         4
 Anguish                  Hex/Necr       7%         N/A       82%         4
 Fulminant Prism          Conj/Hex       7%         3d7       82%         4
 Airstrike                Air            7%         2d(1-17)  86%         4
 Brom's Barrelling Bould  Conj/Erth      9%         2d3       98%         4
 Dispel Undead            Necr           9%         3d8       98%         4
 Petrify                  Tmut/Erth      9%         N/A       98%         4
 Sticky Flame             Conj/Fire      9%         2d3       98%         4
 Haunt                    Necr/Summ      21%        N/A       98%         7
 Spellforged Servitor     Conj/Summ      21%        N/A       98%         7
 Yara's Violent Unravell  Hex/Tmut       7%         3d5       99%         5
 Dragon's Call            Summ           33%        N/A       99%         9
 Agony                    Necr           9%         N/A       100%        5
 Alistair's Intoxication  Tmut/Pois      6%         N/A       100%        5
 Borgnjor's Vile Clutch   Necr/Erth      4%         N/A       100%        5
 Fireball                 Conj/Fire      4%         3d4       100%        5
 Freezing Cloud           Conj/Ice/Air   5%         6-21      100%        5
 Irradiate                Conj/Tmut      4%         3d13      100%        5
 Iskenderun's Battlesphe  Conj           9%         2d6       100%        5
 Bombard                  Conj/Erth      4%         9d2       100%        6
 Eringya's Noxious Bog    Tmut/Pois      4%         4d6       100%        6
 Plasma Beam              Fire/Air       5%         2x1d16    100%        6
 Simulacrum               Ice/Necr       4%         N/A       100%        6
 Starburst                Conj/Fire      4%         6d4       100%        6
 Enfeeble                 Hex            11%        N/A       100%        7
 Ozocubu's Refrigeration  Ice            4%         4d8       100%        7
 Borgnjor's Revivificati  Necr           4%         N/A       100%        8
 Ignition                 Fire           4%         3d4       100%        8
 Infestation              Necr           4%         N/A       100%        8
 Death's Door             Necr           4%         N/A       100%        9
 Polar Vortex             Ice            4%         N/A       100%        9


Dungeon Overview and Level Annotations

Branches:
Dungeon (15/15)            Temple (0/1) D:6            Lair (5/5) D:10
  Swamp (4/4) Lair:2       Spider (4/4) Lair:3        Slime (0/5) Lair:5
    Orc (2/2) D:10            Elf (3/3) Orc:2        Vaults (5/5) D:13
  Crypt (3/3) Vaults:3       Tomb (0/3) Crypt:3      Depths (4/4) D:15
    Zot (5/5) Depths:4      IceCv (visited)

Altars:
Dithmenos
Elyvilon
Fedhas
Gozag
Hepliaklqana
Kikubaaqudgha
Nemelex Xobeh
Okawaru
Qazlal
Ru
Trog
Uskayaw
Vehumet
Wu Jian
Xom
Zin
The Shining One
Jiyva
Lugonu

Shops:
D:5 *   D:7 *[[(   D:9 (   D:11 *   Orc:1 !   Orc:2 (=[=?*((!   Elf:3 :=:
Vaults:2 [   Vaults:5 (   Depths:1 =   Depths:4 =

Portals:
Hell: Depths:1 Depths:2 Depths:3 Depths:4
Abyss: Depths:1 Depths:2 Depths:3
Pandemonium: Depths:2 Depths:3
Ziggurat: Depths:3

Annotations:
Swamp:1 3 runed translucent doors, Lusaduv's ghost, adept MiBe
Swamp:2 3 runed translucent doors, Eboth's ghost, adept GnFi; Haichung's ghost, journeyman DgHu; avis's ghost, journeyman FeSh
Vaults:2 3 runed translucent doors, beavisfan's ghost, adept VSSh


Innate Abilities, Weirdness & Mutations

You have large cloven feet.
You are dopey. (Int -2)
You passively map a small area around you.
You occasionally shout uncontrollably at your foes.
You are weak. (Str -2)
Your spells are a little easier to cast, but a little less powerful.


Message History

Qywuit hits you but does no damage. You block the sun demon's attack.
Unknown command.
You hit Qywuit.
Qywuit convulses.
Qywuit is almost dead.
Qywuit hits you!! Qywuit freezes you.
Your daeva hits Qywuit with a +3 long sword of holy wrath!!
Qywuit convulses!
Qywuit dies!
The Shining One accepts your kill.
The Shining One blesses your daeva with more time in this world.
Your daeva misses the sun demon.
Your daeva hits the sun demon with a +4 eudemon blade of holy wrath!
The sun demon convulses!!
The sun demon barely misses you.
Your Armour skill increases to level 19!
Unknown command.
You slice the sun demon!!
The sun demon convulses!
You kill the sun demon!
The Shining One accepts your kill.
You feel better.
You feel your power returning.
You feel better.
You feel better.
You feel better.
You feel better.
You swap places.
An orange demon comes into view.
The orange demon screeches!
Your daeva calls down the wrath of the Shining One upon the orange demon.
The orange demon is smitten.
You hear a grinding noise.
Your daeva calls down the wrath of the Shining One upon the orange demon.
The orange demon is smitten.
Your daeva calls down the wrath of the Shining One upon the orange demon.
The orange demon is smitten.
Your daeva blocks the orange demon's attack.
Your daeva blocks something's attack.
Something hits your daeva but does no damage.
There is a staircase leading out of the dungeon here.
Your daeva blocks something's attack.
Something hits your daeva! Something shocks your daeva!
You have escaped!

#............#
#..# #.#
#####.######.##
##A# #.. #.# #..#
#.# #.#
#.#######.######A#
#..
#.##~~~~♣.♣~~~~#.#
#..
#.##~.P.....P.~#.#
###
#.##~PPP...PPP~#.#
#.##♣.P.....P.♣#.#
#........@...A~A.#
####♣.♣.....P.♣#.#
#~♣♣♣...PPP~#.#
#~.♣.....P.~#.#
#~...♣.♣...~#.#
#~~~~♣.♣~~~~#.#
######.######.#
#........#
##########


You could see 2 friendly daevas.

Vanquished Creatures
  A pandemonium lord (D:1)
  5 dread liches
  5 ancient liches
  3 orbs of fire
  7 Killer Klowns
  Saint Roka (Crypt:2)
  2 curse toes
  3 caustic shrikes (Depths:4)
  5 golden dragons
  Jory (Vaults:2)
  A shard shrike zombie (Crypt:3)
  A bone dragon (Crypt:3)
  12 tentacled monstrosities
  2 electric golems
  22 Orb Guardians
  7 liches
  2 walking crystal tomes
  A shard shrike skeleton (Crypt:3)
  4 quicksilver dragons
  A walking divine tome (Depths:3)
  A deep elf blademaster (Elf:3)
  2 deep elf master archers (Elf:3)
  3 titans
  7 ancient champions
  13 storm dragons
  8 death cobs
  4 shadow dragons
  A tentacled starspawn (Abyss:3)
  4 sphinxes
  5 tengu reavers
  Aizul (Spider:1)
  2 revenants
  An azure jelly (Swamp:4)
  2 draconian monks
  9 frost giants
  5 draconian knights
  A frost giant (shapeshifter) (Vaults:5)
  3 iron dragons
  8 fire giants
  5 deep elf sorcerers
  A caustic shrike zombie (Crypt:3)
  Louise (Swamp:1)
  16 vault wardens
  5 deep elf elementalists
  6 draconian scorchers
  An orc warlord (Vaults:3)
  2 balrugs
  3 curse skulls
  4 angels
  4 ghouls
  13 stone giants
  A cacodemon (D:1)
  6 ghost moths
  12 ironbound preservers
  A broodmother (Spider:4)
  4 war gargoyles (Crypt:3)
  2 formless jellyfish (Vaults:4)
  4 reapers
  14 very ugly things
  A stone giant (shapeshifter) (Zot:1)
  A lorocyproca (D:8)
  A caustic shrike skeleton (Crypt:3)
  6 ironbound thunderhulks
  7 vampire knights
  8 deep elf demonologists
  4 draconian annihilators
  6 green draconians
  6 eleionomae
  5 dire elephants
  6 black draconians
  6 deep elf annihilators (Elf:3)
  2 purple draconians
  3 yellow draconians
  7 spark wasps
  11 red draconians
  10 white draconians
  A blizzard demon (Depths:2)
  4 ettins
  A merfolk javelineer (Depths:2)
  11 deep elf death magi
  An eidolon (Crypt:2)
  3 crystal guardians (Crypt:3)
  2 jiangshi (Crypt:1)
  3 entropy weavers
  7 fire dragons
  A rakshasa (Depths:2)
  10 yaktaur captains
  A green death (Depths:2)
  2 great orbs of eyes (Vaults:3)
  8 ice dragons
  A fenstrider witch zombie (Crypt:2)
  30 vault guards
  A hell beast (Depths:3)
  5 deep elf high priests
  A spriggan air mage (Depths:4)
  2 quicksilver dragon skeletons
  3 hydras
  4 ironbound frosthearts
  3 alligators
  7 boulder beetles
  Erica (Orc:1)
  A ghost crab (Swamp:2)
  An ogre mage (Vaults:5)
  An anaconda (shapeshifter) (Depths:4)
  A radroach (Spider:3)
  13 centaur warriors
  A tengu warrior (Depths:3)
  3 jorogumos
  A spriggan skeleton (Crypt:3)
  2 death scarabs
  37 dancing weapons
  4 deep troll shamans
  8 demonic crawlers
  3 hell hogs (D:7)
  5 deep troll earth magi
  4 thrashing horrors (Abyss:3)
  7 vampire magi
  30 hell knights
  5 spriggan berserkers
  9 sun demons
  3 soul eaters (Crypt:2)
  53 skeletal warriors
  12 deep elf knights
  A shadow wraith (Vaults:5)
  A fire crab (Spider:3)
  A salamander mystic (Depths:4)
  A sixfirhy (Abyss:3)
  A wretched star (Abyss:3)
  A sun moth (Spider:2)
  A golden dragon zombie (Crypt:3)
  3 iron trolls (Vaults:5)
  5 pharaoh ants
  2 spriggan druids (Swamp:4)
  46 deep trolls
  3 orb spiders
  A flayed ghost (Abyss:3)
  3 deep elf archers
  2 glowing orange brains
  5 large abominations (Abyss:3)
  5 bog bodies
  A shadow demon (Abyss:3)
  7 steelbarb worms
  2 swamp dragons
  An obsidian statue (IceCv)
  9 ironbound convokers
  7 lindwurms
  3 harpies (Vaults:1)
  16 deep elf zephyrmancers
  An iron dragon zombie (Vaults:2)
  25 deep elf pyromancers
  9 phantasmal warriors
  13 necromancers
  18 ugly things
  5 orc knights
  An orc sorcerer (Elf:1)
  12 wizards
  2 will-o-the-wisps
  An alligator skeleton (Crypt:2)
  A stone giant zombie (Vaults:2)
  4 salamanders (Depths:4)
  18 wolf spiders
  A cyclops (D:13)
  2 worldbinders (Abyss:3)
  A jorogumo skeleton (Crypt:1)
  A toenail golem (Depths:4)
  2 black mambas
  24 moths of wrath
  4 elephants
  A stone giant skeleton (Vaults:2)
  A guardian serpent (Abyss:3)
  3 smoke demons
  9 vault sentinels
  2 ice statues (Depths:2)
  5 cane toads
  3 torpor snails
  6 freezing wraiths
  Jeremiah (D:7)
  A kobold demonologist (D:12)
  5 komodo dragons
  An unseen horror (D:11)
  A dire elephant skeleton (Crypt:3)
  2 naga skeletons (Crypt:3)
  23 yaktaurs
  An ice devil (IceCv)
  An anaconda simulacrum (IceCv)
  3 tengu conjurers
  A yellow draconian skeleton (Crypt:2)
  A mana viper zombie (Crypt:1)
  5 trolls
  A minotaur skeleton (Crypt:2)
  An ancient zyme (Abyss:3)
  4 red devils
  A polar bear (Lair:5)
  A death drake skeleton (Crypt:1)
  A harpy skeleton (Crypt:2)
  17 tarantellas
  2 tyrant leeches
  2 hornets
  A hellwing (Depths:2)
  A mana viper skeleton (Crypt:1)
  An ice dragon zombie (Crypt:3)
  4 blink frogs
  A frost giant simulacrum (Vaults:2)
  A snapping turtle (shapeshifter) (Vaults:5)
  16 slime creatures
  4 shadows
  A black mamba zombie (Crypt:3)
  A boulder beetle zombie (Crypt:1)
  An ettin skeleton (Crypt:3)
  25 jumping spiders
  2 spriggans
  11 water elementals
  35 flying skulls
  A vampire (D:13)
  3 air elementals
  A wyvern (D:9)
  A dire elephant simulacrum (IceCv)
  7 wraiths
  A ynoxinul (D:1)
  A yak (shapeshifter) (Spider:3)
  3 yaks
  14 culicivoras
  2 fire bats (Lair:1)
  5 fire elementals
  2 hogs (D:15)
  A human (shapeshifter) (Vaults:4)
  2 swamp worm simulacra (Swamp:4)
  A minotaur simulacrum (IceCv)
  A neqoxec (Abyss:3)
  38 redbacks
  A faun zombie (Crypt:2)
  2 chaos spawn (Zot:1)
  A merfolk zombie (Crypt:2)
  2 wargs (Orc:2)
  4 vampire mosquitoes
  2 swamp worms (Swamp:2)
  A harpy simulacrum (IceCv)
  A deep troll zombie (Crypt:1)
  6 hydra simulacra (Swamp:4)
  2 glowing shapeshifter skeletons
  4 water moccasins
  2 hell hounds (Spider:1)
  6 nameless horrors
  A demonspawn skeleton (Crypt:3)
  18 orc warriors
  4 swamp drakes
  A manticore zombie (Crypt:1)
  An ice beast (D:7)
  4 wolves
  A blink frog skeleton (Crypt:2)
  4 centaurs
  9 starcursed masses (Abyss:3)
  A phantom (D:10)
  A draconian zombie (Crypt:1)
  9 bullfrogs
  5 necrophages
  An earth elemental (Elf:1)
  2 scorpions
  4 small abominations
  A troll zombie (D:10)
  4 killer bees
  A howler monkey (D:9)
  An electric eel (Lair:4)
  2 jellies
  A centaur zombie (Crypt:2)
  A crimson imp (Depths:4)
  A quasit (Abyss:3)
  2 orc priests
  A hound (D:5)
  Ijyb (D:3)
  13 orc wizards
  6 ogre zombies
  An ice beast zombie (Crypt:2)
  2 gnolls (D:6)
  2 swamp drake simulacra (Swamp:4)
  A dart slug (D:3)
  29 orcs
  2 ball pythons
  5 bats
  A bat skeleton (Crypt:1)
  8 endoplasms
  A giant cockroach (D:1)
  A hobgoblin (D:3)
  2 jackals
  A goblin zombie (D:10)
  3 hobgoblin zombies (D:10)
  8 kobolds
  2 orc skeletons (D:10)
  11 orc zombies (D:10)
  2 rats
1463 creatures vanquished.

Vanquished Creatures (collateral kills)
  An ancient lich (Depths:2)
  A juggernaut (Depths:3)
  Sojobo (Depths:1)
  The ghost of Hegoitz the Impregnable, a veteran MiGl of Hepliaklqana (Crypt:2)
  Xtahua (Depths:3)
  2 pandemonium lords (D:1)
  A caustic shrike (Depths:4)
  Nikola (Spider:1)
  2 Orb Guardians (Zot:5)
  Rupert (Lair:5)
  Mlioglotl (Swamp:4)
  A deep elf blademaster (Elf:3)
  A storm dragon (Depths:4)
  A thorn hunter (Swamp:2)
  Kirke (D:15)
  A tengu reaver (Depths:1)
  A shadow dragon (Zot:1)
  An azure jelly (Swamp:4)
  A fire giant (Depths:4)
  A balrug (Zot:5)
  A vault warden (Vaults:2)
  2 reapers (IceCv)
  4 ghouls
  A very ugly thing (Depths:4)
  5 ironbound preservers
  2 stone giants
  An orc warlord (Vaults:3)
  A deep elf demonologist (Elf:1)
  2 eleionomae
  Azrael (Spider:1)
  3 dire elephants
  A spark wasp (Spider:1)
  A yellow draconian (Depths:4)
  2 bunyips (Swamp:4)
  A red draconian (Depths:4)
  Snorg (Lair:4)
  The ghost of jejorda2 the Cleaver, a journeyman GnBe of Trog (Lair:3)
  An entropy weaver (Vaults:1)
  2 shambling mangroves (Swamp:3)
  Harold (D:11)
  8 vault guards
  2 ice dragons (Swamp:4)
  3 yaktaur captains
  10 hydras
  7 great orbs of eyes
  A rakshasa (Depths:1)
  6 alligators
  3 catoblepae
  4 ironbound frosthearts
  5 centaur warriors
  4 death yaks (Lair:4)
  A vampire mage (Crypt:1)
  A two-headed ogre (D:13)
  7 boulder beetles
  6 dancing weapons
  3 demonic crawlers
  An orc high priest (Elf:1)
  2 spriggan berserkers (Depths:1)
  12 spriggans
  2 sun demons (Zot:5)
  4 deep elf knights
  7 hell knights
  6 goliath frogs
  6 skysharks
  18 deep trolls
  5 bog bodies
  6 deep elf archers
  4 spriggan druids
  4 lindwurms
  A swamp dragon (Swamp:4)
  Pikel (D:7)
  5 ironbound convokers
  3 spriggan simulacra (IceCv)
  4 harpies
  9 wizards
  8 deep elf pyromancers
  11 deep elf zephyrmancers
  2 necromancers
  10 ugly things
  5 wolf spiders
  11 orc knights
  6 cyclopes
  3 orc sorcerers
  4 manticores
  3 will-o-the-wisps
  9 vault sentinels
  4 black mambas
  Maurice (Orc:1)
  13 elephants
  A black mamba (shapeshifter) (D:15)
  An orange demon (Depths:2)
  2 smoke demons
  14 cane toads
  An unseen horror (shapeshifter) (D:13)
  Maggie (D:7)
  4 gargoyles
  An unseen horror (D:12)
  8 yaktaurs
  8 komodo dragons
  2 efreet (D:15)
  A tormentor (Zot:5)
  A golden dragon simulacrum (IceCv)
  2 tengu conjurers
  A hellwing (Depths:3)
  11 freezing wraiths
  3 ice devils
  An alligator simulacrum (IceCv)
  7 trolls
  A bloated husk (Swamp:3)
  3 polar bears
  12 hornets
  A tyrant leech (Swamp:1)
  4 dream sheep (Lair:4)
  A tarantella (Spider:1)
  19 blink frogs
  3 jumping spiders
  2 shadows
  20 slime creatures
  5 culicivoras
  A fire bat (Lair:1)
  A water elemental (Depths:2)
  A hog (D:15)
  A wyvern (D:9)
  A wraith (D:11)
  36 yaks
  13 vampire mosquitoes
  A fire elemental (Elf:1)
  A chaos spawn (Depths:3)
  3 neqoxecs
  5 redbacks
  4 basilisks
  A steam dragon (D:7)
  3 minotaur simulacra (IceCv)
  7 swamp worms
  2 swamp worm simulacra (Swamp:4)
  3 wargs (Orc:2)
  2 acid dragons
  2 harpy simulacra (IceCv)
  10 water moccasins
  7 hydra simulacra (Swamp:4)
  37 orc warriors
  2 swamp drakes (Swamp:2)
  3 ice beasts
  2 sky beasts
  A black bear (Lair:1)
  2 ogres
  5 centaurs
  13 wolves
  2 kobold brigands
  A lemure (D:7)
  A gnoll sergeant (D:13)
  7 bullfrogs
  A scorpion (D:6)
  5 deep troll simulacra (IceCv)
  2 earth elementals
  A wight (D:7)
  6 killer bees
  A lindwurm simulacrum (IceCv)
  2 howler monkeys
  2 hounds
  12 orc priests
  8 jellies
  A sleepcap (D:6)
  Crazy Yiuf (D:3)
  2 starcursed masses (Abyss:3)
  4 iguanas
  16 orc wizards
  A hell rat (Lair:3)
  2 ogre zombies
  Robin (D:4)
  7 adders
  5 gnolls
  3 shadow imps
  A white imp (D:7)
  2 swamp drake simulacra (Swamp:4)
  A worm (D:5)
  4 dart slugs
  79 orcs
  4 bats
  17 endoplasms
  6 giant cockroaches
  7 goblins
  8 hobgoblins
  4 jackals
  4 quokkas
  5 ball pythons
  3 frilled lizards
  8 kobolds
  2 orc zombies (D:10)
  A rat (D:2)
878 creatures vanquished.

Vanquished Creatures (others)
  A vault warden (Vaults:1)
  A ghost moth (Zot:2)
  An ironbound preserver (Vaults:1)
  A red draconian (Zot:2)
  A yaktaur captain (Depths:4)
  A centaur warrior (D:9)
  A skeletal warrior (D:9)
  A deep troll (Vaults:4)
  A wizard (Depths:2)
  A lindwurm (Lair:3)
  2 elephants (Lair:3)
  A gargoyle (D:7)
  2 bloated husks (Swamp:2)
  A chaos spawn (D:1)
  An orc wizard (Orc:1)
  14 foxfires
  11 snaplasher vines
  2 starspawn tentacles (Abyss:3)
44 creatures vanquished.

Grand Total: 2385 creatures vanquished

Notes
Turn   | Place    | Note
-------+----------+-------------------------------------------
     0 | D:1      | questionabletactics the Human Summoner began the quest for
                  | the Orb.
     0 | D:1      | Reached XP level 1. HP: 13/13 MP: 3/3
   305 | D:1      | Reached XP level 2. HP: 16/19 MP: 5/5
   312 | D:1      | Learned a level 2 spell: Call Imp
   486 | D:1      | Reached XP level 3. HP: 24/24 MP: 3/6
   802 | D:1      | Learned a level 3 spell: Call Canine Familiar
   970 | D:2      | Identified the +5 sling of Fyudeos {drain, Will+ Dex+6}
  1141 | D:2      | Reached XP level 4. HP: 30/30 MP: 3/8
  1660 | D:3      | Found an opulent altar of Gozag.
  1722 | D:3      | Reached skill level 5 in Summonings
  1729 | D:3      | Found a faded altar of an unknown god.
  1949 | D:3      | Reached XP level 5. HP: 35/35 MP: 8/10
  1966 | D:3      | Found a runed translucent door.
  1967 | D:3      | Noticed Crazy Yiuf
  2027 | D:3      | Reached skill level 10 in Summonings
  2027 | D:3      | Reached XP level 6. HP: 41/41 MP: 10/17
  2032 | D:3      | Learned a level 3 spell: Summon Guardian Golem
  2146 | D:3      | Found a white marble altar of Elyvilon.
  2280 | D:3      | Noticed Ijyb
  2503 | D:4      | Noticed Robin
  2508 | D:4      | Killed Robin
  2569 | D:4      | Reached skill level 1 in Fighting
  2780 | D:4      | Reached XP level 7. HP: 48/48 MP: 19/19
  3040 | D:4      | Found a glowing golden altar of the Shining One.
  3132 | D:4      | Became a worshipper of the Shining One
  3139 | D:4      | Learned a level 4 spell: Summon Lightning Spire
  3603 | D:5      | Entered Level 5 of the Dungeon
  3838 | D:5      | Found Bonuoxy's General Store.
  3887 | D:5      | Found a transporter.
  4163 | D:5      | Reached skill level 1 in Air Magic
  4233 | D:5      | Found a transporter.
  4257 | D:5      | Reached XP level 8. HP: 56/56 MP: 16/20
  4702 | D:5      | Found a bloodstained altar of Trog.
  4702 | D:5      | Found a stormy altar of Qazlal.
  4702 | D:5      | Found a sparkling altar of Nemelex Xobeh.
  5351 | D:6      | Found a sacrificial altar of Ru.
  5399 | D:6      | Reached * piety under the Shining One
  5509 | D:6      | Found a staircase to the Ecumenical Temple.
  5673 | D:6      | Found a blossoming altar of Fedhas.
  5740 | D:6      | Identified the +7 ring mail of Pienoc {Harm rElec Str-5
                  | SInv}
  5804 | D:6      | Found a radiant altar of Vehumet.
  6228 | D:7      | Found Iticuasch's Antique Weapon Shop.
  6282 | D:7      | Noticed Jeremiah
  6333 | D:7      | Killed Jeremiah
  6334 | D:7      | Reached skill level 11 in Summonings
  6334 | D:7      | Reached XP level 9. HP: 59/61 MP: 13/21
  6416 | D:7      | Found Oson Rai's Armour Shoppe.
  6462 | D:7      | Found Goesorucoc's Antique Armour Boutique.
  6503 | D:7      | Bought a glowing helmet for 187 gold pieces
  6556 | D:7      | Noticed Maggie
  6570 | D:7      | Killed Maggie
  6715 | D:7      | Found Wistra Polam's General Store.
  6723 | D:7      | Bought a potion of heal wounds for 60 gold pieces
  6787 | D:7      | Found a hazy altar of Hepliaklqana.
  6788 | D:7      | Noticed Pikel
  6821 | D:7      | Killed Pikel
  6822 | D:7      | Reached skill level 5 in Dodging
  6886 | D:7      | Learned a level 2 spell: Blink
  6997 | D:7      | Reached XP level 10. HP: 72/72 MP: 8/22
  7131 | D:7      | Noticed a manticore
  7137 | D:7      | Killed a manticore
  7196 | D:7      | Reached skill level 5 in Fighting
  7247 | D:7      | Noticed a gargoyle
  7265 | D:7      | Killed a gargoyle
  8311 | D:8      | Reached skill level 1 in Evocations
  8820 | D:9      | Found Xiluril's Antique Weapon Shoppe.
  8854 | D:9      | You fall into a shaft and drop 2 floors!
  8883 | D:10     | Entered Level 10 of the Dungeon
  8934 | D:10     | Reached ** piety under the Shining One
  8948 | D:10     | Reached skill level 12 in Summonings
  8948 | D:10     | Reached XP level 11. HP: 36/80 MP: 12/23
  9230 | D:9      | Noticed a centaur warrior
  9230 | D:9      | Noticed a skeletal warrior
  9257 | D:9      | Killed a skeletal warrior
  9290 | D:9      | Killed a centaur warrior
  9452 | D:9      | Found a shadowy altar of Dithmenos.
  9452 | D:9      | Found an ancient bone altar of Kikubaaqudgha.
  9775 | D:9      | Reached skill level 1 in Invocations
 10516 | D:10     | Reached *** piety under the Shining One
 10586 | D:10     | Found a staircase to the Orcish Mines.
 10687 | D:10     | Reached **** piety under the Shining One
 10846 | D:10     | Found a staircase to the Lair.
 11118 | D:10     | Found an ornate altar of the Wu Jian Council.
 11323 | Lair:1   | Entered Level 1 of the Lair of Beasts
 11329 | Lair:1   | Reached skill level 1 in Maces & Flails
 11571 | Lair:1   | Reached XP level 12. HP: 86/86 MP: 17/24
 11672 | Lair:1   | Reached skill level 5 in Maces & Flails
 11902 | Lair:1   | Reached ***** piety under the Shining One
 12033 | Lair:1   | Found a hide-covered altar of Uskayaw.
 12033 | Lair:1   | Found an ornate altar of the Wu Jian Council.
 12033 | Lair:1   | Noticed a boulder beetle
 12070 | Lair:1   | Killed a boulder beetle
 12592 | Lair:1   | Reached skill level 5 in Invocations
 12803 | Lair:1   | Upgraded the game from 0.31-a0-836-g3ceb0a68c4 to
                  | 0.31-a0-841-g038b102fc3
 12868 | Lair:2   | Found a staircase to the Swamp.
 13402 | Lair:2   | Noticed a skyshark
 13431 | Lair:2   | Killed a skyshark
 13690 | Lair:2   | You fall into a shaft and drop 1 floor!
 14256 | Lair:3   | Found a hole to the Spider Nest.
 14294 | Lair:3   | Reached skill level 1 in Shields
 14370 | Lair:3   | Noticed a five-headed hydra
 14371 | Lair:3   | Noticed jejorda2's ghost (journeyman GnBe)
 14471 | Lair:3   | Paralysed by a hornet for 1 turns
 14584 | Lair:3   | Reached skill level 10 in Dodging
 14584 | Lair:3   | Reached XP level 13. HP: 80/92 MP: 14/25
 15183 | Lair:3   | Identified 2 scrolls of acquirement
 15183 | Lair:3   | Acquired the +0 pair of gloves of Lucidity {Int+4 Dex+3}
 15196 | Lair:3   | Acquired a book of the Wilderness
 15205 | Lair:3   | Learned a level 6 spell: Summon Cactus Giant
 15330 | Lair:3   | Found a runed translucent gate.
 15330 | Lair:3   | Found a runed translucent gate.
 15330 | Lair:3   | Found a runed translucent gate.
 15346 | Lair:3   | Identified the +2 scale mail "Iwihun" {+Blink rC- rCorr
                  | Str+3}
 15616 | Lair:3   | Reached skill level 1 in Translocations
 16509 | D:3      | Killed Crazy Yiuf
 16570 | D:3      | Killed Ijyb
 16849 | Lair:4   | Reached skill level 5 in Shields
 16934 | Lair:4   | Noticed Snorg
 16950 | Lair:4   | Killed Snorg
 17233 | Lair:4   | Noticed an eight-headed hydra
 17255 | Lair:4   | Killed an eight-headed hydra
 18084 | Lair:5   | Entered Level 5 of the Lair of Beasts
 18228 | Lair:5   | Reached XP level 14. HP: 73/98 MP: 17/26
 18535 | Lair:5   | Reached skill level 13 in Summonings
 18547 | Lair:5   | Reached ****** piety under the Shining One
 19126 | Lair:5   | Found a viscous altar of Jiyva.
 19128 | Lair:5   | Found a staircase to the Slime Pits.
 19184 | Lair:5   | Reached skill level 10 in Shields
 19265 | Lair:5   | Learned a level 5 spell: Summon Mana Viper
 19377 | Lair:5   | Reached skill level 14 in Summonings
 19377 | Lair:5   | Noticed Rupert
 19887 | Lair:4   | Reached XP level 15. HP: 96/104 MP: 5/27
 20375 | Lair:5   | Killed Rupert
 21150 | D:11     | Noticed Harold
 21163 | D:11     | Killed Harold
 21366 | D:11     | Found Iveic's Pet Rocks.
 21879 | D:12     | Reached skill level 15 in Summonings
 22120 | D:12     | Identified the +9 dagger of Otrumy {flame, Int+2}
 23566 | D:13     | Found a gate to the Vaults.
 24365 | D:14     | Reached XP level 16. HP: 61/118 MP: 22/28
 24516 | D:14     | Reached skill level 1 in Hexes
 25295 | Orc:1    | Entered Level 1 of the Orcish Mines
 25302 | Orc:1    | Noticed Erica
 25317 | Orc:1    | Killed Erica
 25521 | Orc:1    | Noticed Maurice
 25530 | Orc:1    | Killed Maurice
 25715 | Orc:2    | Entered Level 2 of the Orcish Mines
 25728 | Orc:2    | Found Diuphem's General Store.
 25729 | Orc:2    | Found Iclofi's Distillery.
 25738 | Orc:2    | Found Miufe's Magic Scroll Shop.
 25740 | Orc:2    | Bought a +1 cloak of poison resistance for 135 gold pieces
 25763 | Orc:2    | Bought a scroll of teleportation for 45 gold pieces
 25763 | Orc:2    | Bought a scroll of revelation for 112 gold pieces
 25999 | Orc:2    | Bought a potion of curing for 36 gold pieces
 26597 | Orc:2    | Found Ohiry's Weapon Shoppe.
 26597 | Orc:2    | Found Ziwkixkerch's Antique Weapon Boutique.
 26778 | Orc:2    | Reached skill level 1 in Long Blades
 26864 | Orc:2    | Found Jopinlic's Antique Armour Shoppe.
 26864 | Orc:2    | Found Qoeddao Vuenk's Jewellery Boutique.
 26981 | Orc:2    | Found Sizif's Jewellery Shoppe.
 26982 | Orc:2    | Found Vanouluo's Antique Weapon Shop.
 27109 | Orc:2    | Found a staircase to the Elven Halls.
 27476 | Orc:1    | Found Eciont's Distillery.
 28136 | Orc:2    | Bought the +8 autumn katana {manifold assault} for 1515
                  | gold pieces
 28136 | Orc:2    | Found the +8 autumn katana {manifold assault}
 28300 | D:15     | Entered Level 15 of the Dungeon
 28634 | D:15     | Noticed Kirke
 28653 | D:15     | Killed Kirke
 28702 | D:15     | Reached skill level 10 in Fighting
 28869 | D:15     | Acquired 769 gold pieces
 29563 | D:15     | Reached skill level 5 in Long Blades
 29776 | D:15     | Found a staircase to the Depths.
 30352 | Orc:2    | Bought the amulet "Fasaleno" {rF+ Regen+ SInv} for 674 gold
                  | pieces
 30474 | Swamp:1  | Entered Level 1 of the Swamp
 30558 | Swamp:1  | Learned a level 5 spell: Summon Forest
 31136 | Swamp:1  | Found a runed translucent gate.
 31137 | Swamp:1  | Noticed Lusaduv's ghost (adept MiBe)
 31140 | Swamp:1  | Found a runed translucent gate.
 31140 | Swamp:1  | Found a runed translucent gate.
 31247 | Swamp:1  | Reached XP level 17. HP: 114/128 MP: 5/29
 31257 | Swamp:1  | Reached skill level 5 in Translocations
 31709 | Swamp:1  | Noticed Louise
 31733 | Swamp:1  | Killed Louise
 31883 | Swamp:1  | Identified the +6 broad axe of Rux Dese {pain, rC+ Str+3}
 32361 | Swamp:2  | Found a runed translucent gate.
 32361 | Swamp:2  | Found a runed translucent gate.
 32396 | Swamp:2  | Found a runed translucent gate.
 32397 | Swamp:2  | Noticed Eboth's ghost (adept GnFi)
 32397 | Swamp:2  | Noticed Haichung's ghost (journeyman DgHu)
 32397 | Swamp:2  | Noticed avis's ghost (journeyman FeSh)
 32410 | Swamp:2  | Noticed a thorn hunter
 32447 | Swamp:2  | Killed a thorn hunter
 33432 | Swamp:3  | Reached skill level 10 in Spellcasting
 33996 | Swamp:3  | Reached skill level 16 in Summonings
 34187 | Swamp:3  | Identified the +3 halberd of Havoc {speed, rN++}
 34640 | Swamp:4  | Entered Level 4 of the Swamp
 34771 | Swamp:4  | Found a frozen archway.
 34771 | Swamp:4  | Noticed Mlioglotl
 34792 | Swamp:4  | Noticed a tentacled starspawn
 34793 | Swamp:4  | Killed Mlioglotl
 34904 | IceCv    | Entered an ice cave
 35171 | IceCv    | Reached XP level 18. HP: 138/138 MP: 32/32
 35345 | IceCv    | Identified the +1 hat "Xuagoxzo" {Harm rCorr Dex-4 Stlth+}
 36465 | Swamp:4  | Identified the +0 quarterstaff of the Nice God {drain, rC++
                  | rN++ Str+3}
 37094 | Swamp:4  | Got a decaying rune of Zot
 37644 | Spider:1 | Entered Level 1 of the Spider Nest
 37716 | Spider:1 | Noticed Aizul
 37933 | Spider:1 | Killed Aizul
 38207 | Spider:1 | Noticed Nikola
 38375 | Lair:3   | Killed jejorda2's ghost
 38580 | Vaults:1 | Entered Level 1 of the Vaults
 38642 | Vaults:1 | Noticed a sphinx
 38655 | Vaults:1 | Killed a sphinx
 39137 | Vaults:1 | Reached skill level 15 in Dodging
 39269 | Vaults:1 | Reached skill level 10 in Long Blades
 39405 | Vaults:1 | Reached XP level 19. HP: 146/146 MP: 27/33
 39565 | Vaults:1 | Got an odd book
 41337 | Vaults:2 | Found Rashucw's Armour Shop.
 41643 | Vaults:2 | Found a runed translucent gate.
 41643 | Vaults:2 | Found a runed translucent gate.
 41643 | Vaults:2 | Found a runed translucent gate.
 41643 | Vaults:2 | Noticed a titan
 41644 | Vaults:2 | Noticed beavisfan's ghost (adept VSSh)
 41868 | Vaults:2 | Noticed Jory
 41887 | Vaults:2 | Killed Jory
 42024 | Vaults:2 | Reached XP level 20. HP: 157/157 MP: 24/34
 42660 | Vaults:2 | Found an iron altar of Okawaru.
 43153 | Abyss:3  | Found a corrupted altar of Lugonu.
 43153 | Abyss:3  | Cast into level 3 of the Abyss (a wizard)
 43228 | Vaults:3 | Escaped the Abyss
 43264 | Vaults:3 | Identified the +9 quarterstaff "Embalmer" {freeze, Fly
                  | rPois MP-9 Int+5}
 43538 | Vaults:3 | Reached skill level 10 in Invocations
 43975 | Vaults:3 | Paralysed by a great orb of eyes for 5 turns
 44567 | Vaults:3 | Found a staircase to the Crypt.
 44590 | Vaults:3 | Reached skill level 15 in Shields
 45082 | Vaults:4 | Identified the +3 arbalest "Upnazuna" {penet, rElec rN++
                  | Str-4 Stlth+}
 45212 | Vaults:4 | Reached XP level 21. HP: 163/163 MP: 31/35
 45836 | Vaults:4 | Identified the +7 quarterstaff "Tumuosh" {venom, Fly}
 46204 | Vaults:4 | Noticed a dread lich
 46226 | Vaults:4 | Killed a dread lich
 46227 | Vaults:4 | Reached skill level 15 in Fighting
 46940 | Elf:1    | Entered Level 1 of the Elven Halls
 47271 | Elf:1    | Paralysed by an air elemental for 1 turns
 47489 | Elf:1    | Paralysed by an orc sorcerer for 3 turns
 47642 | Elf:1    | Identified the +4 flail of the Hammering Dove {venom, rF+}
 48268 | Orc:2    | Bought an ichor-stained leather armour for 196 gold pieces
 48268 | Orc:2    | Identified the +2 leather armour of Suuczo Tunt {rC+
                  | Stlth+} (You bought it in a shop on level 2 of the Orcish
                  | Mines)
 48322 | Orc:2    | Bought a potion of haste for 120 gold pieces
 48322 | Orc:2    | Bought a potion of heal wounds for 60 gold pieces
 48322 | Orc:2    | Bought a potion of haste for 120 gold pieces
 48322 | Orc:2    | Bought a potion of heal wounds for 60 gold pieces
 48322 | Orc:2    | Bought a potion of heal wounds for 60 gold pieces
 48606 | Elf:2    | Paralysed by an air elemental for 1 turns
 48650 | Elf:2    | Found an ancient bone altar of Kikubaaqudgha.
 48650 | Elf:2    | Found an ancient bone altar of Kikubaaqudgha.
 48660 | Elf:2    | Identified the +0 mace "Peexubb Wiurgh" {drain, *Rage *Slow
                  | Will++ rCorr}
 48940 | Elf:2    | Reached XP level 22. HP: 152/177 MP: 32/36
 49171 | Elf:2    | Found a runed translucent gate.
 49172 | Elf:2    | Found a runed translucent gate.
 49173 | Elf:2    | Found a runed translucent gate.
 49182 | Elf:2    | Identified the +8 morningstar of Qazlal, Uplifting {venom,
                  | *Slow rN+ Str+2}
 49186 | Elf:2    | Identified the +8 bardiche "Tiet" {flame, rF+ Str+3}
 49564 | Elf:2    | Reached skill level 17 in Summonings
 50169 | Elf:3    | Entered Level 3 of the Elven Halls
 50283 | Elf:3    | Found Ditat's Book Shop.
 50283 | Elf:3    | Found Merphatz's Jewellery Shoppe.
 50296 | Elf:3    | Found Tiytz's Book Shop.
 50416 | Elf:3    | Reached skill level 18 in Summonings
 51514 | Elf:3    | Reached skill level 5 in Evocations
 51831 | Abyss:3  | Cast into level 3 of the Abyss (a deep elf demonologist)
 52096 | Elf:3    | Escaped the Abyss
 52118 | Abyss:3  | Cast into level 3 of the Abyss (a deep elf demonologist)
 52208 | Abyss:3  | Paralysed by accursed screaming for 1 turns
 52278 | Elf:3    | Escaped the Abyss
 52660 | Elf:3    | Identified the +7 spear of Untimely Demise {pain, rPois
                  | rCorr Dex-4 SInv}
 53739 | Abyss:3  | Cast into level 3 of the Abyss (a deep elf demonologist)
 53743 | Abyss:3  | Found a corrupted altar of Lugonu.
 53759 | Elf:3    | Escaped the Abyss
 53779 | Elf:3    | Identified the +0 leather armour of Wariness {rC- Regen+
                  | Str-4 Int+8}
 54153 | Elf:3    | Got a humming book
 54291 | Elf:3    | Identified the +0 helmet of the Hippogriff {rPois rC+
                  | Will+}
 54307 | Elf:3    | Got a ragged book
 54532 | Elf:3    | Reached XP level 23. HP: 183/183 MP: 38/38
 54564 | Elf:3    | Reached skill level 1 in Armour
 54687 | Orc:2    | Bought a glowing cloak for 210 gold pieces
 54867 | Spider:1 | Killed Nikola
 55214 | Spider:1 | Noticed Azrael
 55234 | Spider:1 | Killed Azrael
 55503 | Spider:2 | Reached skill level 5 in Armour
 56647 | Spider:4 | Entered Level 4 of the Spider Nest
 57537 | Spider:3 | Reached skill level 10 in Armour
 58213 | Spider:4 | Got a gossamer rune of Zot
 58219 | Spider:4 | Identified the +0 hat of Weemap {rF+ rC+ Int+3}
 58558 | Depths:1 | Entered Level 1 of the Depths
 58611 | Depths:1 | Found a corrupted altar of Lugonu.
 58611 | Depths:1 | Found a one-way gate to the infinite horrors of the Abyss.
 58878 | Depths:1 | Noticed Sojobo
 58898 | Depths:1 | Paralysed by an air elemental for 1 turns
 58902 | Depths:1 | Paralysed by an air elemental for 1 turns
 58925 | Depths:1 | Killed Sojobo
 59406 | Depths:1 | Reached XP level 24. HP: 190/190 MP: 38/38
 59417 | Depths:1 | Found a gateway to Hell.
 59517 | Depths:1 | Found a bloodstained altar of Trog.
 59605 | Depths:1 | Identified the +0 halberd of Day {heavy, Str+6 Dex-4}
 59866 | Depths:1 | Found Nybycot's One-of-a-Kind Rings.
 60793 | Depths:2 | Found a one-way gate leading to the halls of Pandemonium.
 61247 | Depths:2 | Found the +8 lance "Wyrmbane" {slay drac, rPois rF+ rC+
                  | AC+3}
 61277 | Depths:2 | Noticed an ancient lich
 61294 | Depths:2 | Killed an ancient lich
 61304 | Depths:2 | Got a fuliginous book
 61494 | Depths:3 | Found a one-way gateway to a ziggurat.
 61888 | Depths:3 | Noticed Xtahua
 61892 | Depths:3 | Paralysed by Xtahua for 3 turns
 61906 | Depths:3 | Killed Xtahua
 62397 | Depths:3 | Noticed a golden dragon
 62407 | Depths:3 | Killed a golden dragon
 62424 | Depths:3 | Noticed a juggernaut
 62463 | Depths:3 | Killed a juggernaut
 62737 | Depths:3 | Noticed a golden dragon
 62754 | Depths:3 | Killed a golden dragon
 62817 | Depths:4 | Entered Level 4 of the Depths
 62950 | Depths:4 | Reached skill level 19 in Summonings
 62952 | Depths:4 | Reached XP level 25. HP: 186/204 MP: 38/38
 63290 | Depths:4 | Found a gate to the Realm of Zot.
 63527 | Depths:4 | Noticed a caustic shrike
 63532 | Depths:4 | Noticed a caustic shrike
 63534 | Depths:4 | Noticed a caustic shrike
 63536 | Depths:4 | Noticed a caustic shrike
 63552 | Depths:4 | Killed a caustic shrike
 63556 | Depths:4 | Killed a caustic shrike
 63566 | Depths:4 | Killed a caustic shrike
 63960 | Depths:4 | Reached skill level 20 in Summonings
 64189 | Depths:4 | Identified the +6 demon trident of Destiny {freeze, Int+3}
 64217 | Depths:4 | Identified the +1 scale mail of the Mind {SInv}
 64828 | Depths:4 | Found Muutsoull's Jewellery Shop.
 64893 | Depths:4 | Killed a caustic shrike
 65422 | D:15     | Identified a +9 eudemon blade of holy wrath (a +9 demon
                  | blade blessed by the Shining One)
 65422 | D:15     | Received a gift from the Shining One
 65658 | Crypt:1  | Entered Level 1 of the Crypt
 66565 | Crypt:2  | Found a runed translucent door.
 66565 | Crypt:2  | Noticed Hegoitz's ghost (veteran MiGl)
 66693 | Crypt:2  | Reached XP level 26. HP: 150/211 MP: 38/38
 67043 | Crypt:2  | Noticed Saint Roka
 67225 | Crypt:2  | Reached skill level 21 in Summonings
 67316 | Crypt:2  | Killed Saint Roka
 67891 | Crypt:2  | Killed Hegoitz's ghost
 68006 | Crypt:3  | Entered Level 3 of the Crypt
 68251 | Crypt:3  | Found a staircase to the Tomb.
 68523 | Crypt:3  | Reached skill level 15 in Invocations
 68848 | Crypt:3  | Identified the +8 flail of the Eternal Void {drain, Fly
                  | Int+2 Dex-3 SInv}
 68850 | Crypt:3  | Got a humming book
 68984 | Crypt:3  | Identified the ring of Springtime {+Blink rPois rF- rN+
                  | Int+6}
 69057 | Crypt:3  | Identified the ring of Yttex {rN+ rCorr Dex+2}
 69081 | Crypt:3  | Noticed an ancient lich
 69095 | Crypt:3  | Killed an ancient lich
 69170 | Crypt:3  | Found an ancient bone altar of Kikubaaqudgha.
 69610 | Vaults:5 | Entered Level 5 of the Vaults
 69931 | Vaults:5 | Identified the +6 demon trident "Jowig" {pain, rElec}
 70122 | Vaults:5 | Reached XP level 27. HP: 192/217 MP: 38/38
 70372 | Vaults:5 | Noticed an ancient lich
 70389 | Vaults:5 | Killed an ancient lich
 70421 | Vaults:5 | Identified the +10 broad axe "Killer Klown's Foe" {flame,
                  | rC+ Str-4 Int+2}
 70503 | Vaults:5 | Got a colourful book
 70526 | Vaults:5 | Identified the ring of Ynofygo {rCorr Dex+3}
 70546 | Vaults:5 | Noticed a dread lich
 70637 | Vaults:5 | Reached skill level 15 in Armour
 70663 | Vaults:5 | Noticed a dread lich
 70669 | Vaults:5 | Paralysed by a dread lich for 3 turns
 70680 | Vaults:5 | Killed a dread lich
 70748 | Vaults:5 | Found Kiafyuv's Weapon Shoppe.
 70960 | Vaults:5 | Killed a dread lich
 71000 | Vaults:5 | Got a humming book
 71007 | Vaults:5 | Noticed a dread lich
 71022 | Vaults:5 | Killed a dread lich
 71580 | Vaults:5 | Got a silver rune of Zot
 72172 | Orc:1    | Bought a potion of might for 64 gold pieces
 72172 | Orc:1    | Bought a potion of enlightenment for 80 gold pieces
 72172 | Orc:1    | Bought a potion of cancellation for 128 gold pieces
 72172 | Orc:1    | Bought a potion of heal wounds for 80 gold pieces
 72172 | Orc:1    | Bought a potion of enlightenment for 80 gold pieces
 72172 | Orc:1    | Bought a potion of haste for 160 gold pieces
 72284 | D:7      | Bought the +7 Kryia's mail coat {PotionHeal*2 rC+} for 840
                  | gold pieces
 72284 | D:7      | Found the +7 Kryia's mail coat {PotionHeal*2 rC+}
 72434 | Orc:2    | Bought the ring of Ronihaol {Fly rElec rF+ Str-4 Dex+5} for
                  | 609 gold pieces
 72768 | Zot:1    | Entered Level 1 of the Realm of Zot
 72768 | Zot:1    | Noticed an orb of fire
 73465 | Zot:1    | Noticed a Killer Klown
 73493 | Zot:1    | Killed a Killer Klown
 73558 | Zot:1    | Noticed a Killer Klown
 73623 | Zot:1    | Killed a Killer Klown
 74116 | Zot:1    | Noticed a Killer Klown
 74121 | Zot:1    | Gained mutation: You occasionally lose the ability to drink
                  | potions when taking damage. [an orb of fire]
 74135 | Zot:1    | Gained mutation: Your magical capacity is low. (-10% MP)
                  | [an orb of fire]
 74137 | Zot:1    | Gained mutation: You sometimes lose the ability to drink
                  | potions when taking damage. [an orb of fire]
 74141 | Zot:1    | Gained mutation: Armour fits poorly on your strangely
                  | shaped body. [an orb of fire]
 74160 | Zot:1    | Killed an orb of fire
 74169 | Zot:1    | Killed a Killer Klown
 74200 | Zot:1    | Lost mutation: You sometimes lose the ability to drink
                  | potions when taking damage. [potion of mutation]
 74200 | Zot:1    | Lost mutation: You occasionally lose the ability to drink
                  | potions when taking damage. [potion of mutation]
 74200 | Zot:1    | Lost mutation: Your magical capacity is low. (-10% MP)
                  | [potion of mutation]
 74200 | Zot:1    | Gained mutation: You have a pair of small horns on your
                  | head. [potion of mutation]
 74200 | Zot:1    | Gained mutation: You occasionally lose the ability to read
                  | scrolls when taking damage. [potion of mutation]
 74201 | Zot:1    | Lost mutation: You have a pair of small horns on your head.
                  | [potion of mutation]
 74201 | Zot:1    | Lost mutation: You occasionally lose the ability to read
                  | scrolls when taking damage. [potion of mutation]
 74201 | Zot:1    | Lost mutation: Armour fits poorly on your strangely shaped
                  | body. [potion of mutation]
 74201 | Zot:1    | Gained mutation: You are dopey. (Int -2) [potion of
                  | mutation]
 74201 | Zot:1    | Gained mutation: You passively map a small area around you.
                  | [potion of mutation]
 74372 | Zot:1    | Noticed a Killer Klown
 74392 | Zot:1    | Killed a Killer Klown
 74595 | Zot:1    | Found a shimmering altar of Xom.
 74669 | Zot:1    | Found a shimmering altar of Xom.
 74669 | Zot:1    | Found a glowing silver altar of Zin.
 74722 | Zot:1    | Found a shimmering altar of Xom.
 75953 | Zot:3    | Noticed a Killer Klown
 75969 | Zot:3    | Killed a Killer Klown
 76231 | Zot:4    | Noticed a Killer Klown
 76291 | Zot:4    | Killed a Killer Klown
 76475 | Zot:4    | Noticed a Killer Klown
 76520 | Zot:4    | Killed a Killer Klown
 76635 | Zot:5    | Entered Level 5 of the Realm of Zot
 77527 | Zot:5    | Noticed a dread lich
 77528 | Zot:5    | Noticed an ancient lich
 77542 | Zot:5    | Killed an ancient lich
 77568 | Zot:5    | Killed a dread lich
 77570 | Zot:5    | Noticed a Killer Klown
 77586 | Zot:5    | Noticed an ancient lich
 77597 | Zot:5    | Killed an ancient lich
 77698 | Zot:5    | Noticed an orb of fire
 77704 | Zot:5    | Gained mutation: You have large cloven feet. [an orb of
                  | fire]
 77706 | Zot:5    | Gained mutation: Your spells are a little easier to cast,
                  | but a little less powerful. [an orb of fire]
 77726 | Zot:5    | Killed an orb of fire
 77814 | Zot:5    | Noticed an ancient lich
 77827 | Zot:5    | Killed an ancient lich
 77855 | Zot:5    | Noticed an orb of fire
 77878 | Zot:5    | Killed an orb of fire
 77950 | Zot:5    | Got the Orb of Zot
 78152 | Depths:3 | Identified the +2 quarterstaff "Newtslayer" {holy, rC- rN+
                  | MP+9 Int+2}
 78184 | Depths:4 | Noticed Dyp Meurph the pandemonium lord
 78447 | D:11     | Noticed Opiqa the pandemonium lord
 78581 | D:5      | Gained mutation: You are weak. (Str -2) [a cacodemon]
 78686 | D:1      | Noticed Jasos the pandemonium lord
 78704 | D:1      | Noticed Lovvub the pandemonium lord
 78717 | D:1      | Gained mutation: You occasionally shout uncontrollably at
                  | your foes. [a cacodemon]
 78719 | D:1      | Killed Lovvub the pandemonium lord
 78721 | D:1      | Killed Jasos the pandemonium lord
 78729 | D:1      | Noticed Qywuit the pandemonium lord
 78737 | D:1      | Killed Qywuit the pandemonium lord
 78787 | D:$      | Escaped with the Orb!

Illustrated notes

Levels and vault maps discovered:
D:1:      ldierk_walled_garden, layout_basic, minmay_misc_feat_tiny
D:2:      layout_rooms, minmay_tripent
D:3:      layout_rooms, elyvilon_altar_5, nicolae_gozag_seed_capital,
          shapermc_ecumenical_altar_starsandcircs, chequers_decorated_corner,
          serial_bayou_pond_d, uniq_crazy_yiuf_cottage, uniq_ijyb
D:4:      layout_basic, tso_metal_star, uniq_robin
D:5:      gammafunk_cloud_chamber, layout_basic,
          gammafunk_temple_overflow_forgotten, serial_shops,
          nicolae_stop_n_shop_2
D:6:      layout_rooms, general_overflow_altar, vehumet_crystals,
          overflow_temple_1_default, minmay_temple_entry_statues,
          serial_bayou_crossing
D:7:      lemuel_slime, layout_basic, amcnicky_altar_gilded, serial_shops, shop,
          nicolae_diamond_shop, nicolae_shop_tiny_real_fake_doors,
          nicolae_shop_statue_plus, st_stairs_14, kennysheep_doodads,
          corexii_leaking_fountain, hangedman_minor_gate_pass, uniq_maggie,
          uniq_pikel, uniq_jeremiah
D:8:      layout_cave_pods, hangedman_decor_riveting
D:9:      kennysheep_big_flooded_room, layout_basic,
          gammafunk_temple_overflow_pools, serial_shops, nicolae_stop_n_shop_2
D:10:     layout_roguey, lemuel_doored_altar, dpeg_oklobed_lair,
          zombieorc1_lemuel
D:11:     layout_roguey, guppyfry_shop_earth, uniq_harold
D:12:     layout_loops_ring, special_room [special_room_orc],
          kennysheep_generic_room_5
D:13:     layout_rooms, lightli_vaults_fourway_checkpoint
D:14:     layout_loops_ring, feat_on_display
D:15:     hellmonk_depths_entry_around_the_bend, layout_basic, drop_trap,
          uniq_kirke
Lair:1:   layout_gridlike, st_stairs_8, nzn_masters_of_martial_movement,
          grunt_megastairs_5
Lair:2:   layout_regular_city, swamp_mist_pool
Lair:3:   layout_cave_pods, nicolae_spider_entry_tight_spaces,
          gammafunk_ghost_split
Lair:4:   layout_roguey, infiniplex_staircase_pool, grunt_megastairs_4,
          serial_bayou_shore_b, uniq_snorg
Lair:5:   minmay_lair_end_frog_pond, layout_misc_corridors,
          nicolae_slime_entry_slimehenge, wad_woods_river_03, uniq_rupert
Swamp:1:  nicolae_swamp_ascending_descending_big, layout_falls_marsh,
          gammafunk_ghost_hydra_chop, nicolae_swamp_orc_logging_accident,
          uniq_louise
Swamp:2:  layout_falls_marsh, gammafunk_ghost_cemetery,
          infiniplex_staircase_pool_2, swamp_pool5
Swamp:3:  layout_falls_marsh, hangedman_swamp_ruin_hall
Swamp:4:  swamp_icy, layout_basic_swamp, portal_ice_cave_entry_dragon,
          uniq_mlioglotl
Spider:1: layout_spider_delve, nicolae_spider_some_kinda_spiderbox, uniq_nikola,
          uniq_aizul, uniq_azrael
Spider:2: layout_spider_delve, hellmonk_narrow_tunnel,
          nicolae_spider_cling_halls
Spider:3: layout_spider_delve, hellmonk_deceptive_appearances
Spider:4: grunt_spider_rune_parallel
Orc:1:    layout_caves, serial_shops, nicolae_shop_crystal,
          nicolae_orc_lava_room, uniq_erica, uniq_maurice
Orc:2:    st_orc_town, layout_diamond_mine, serial_shops, shop, shop, shop,
          shop, shop
Elf:1:    elf_arrival_001, layout_onion_city, minivault_28
Elf:2:    nicolae_elf_blades_splatter_lattice [mumra_blade_entry_bloodbath],
          layout_onion_city, hangedman_elf_simple_split
Elf:3:    elf_hall, layout_gridlike, minmay_shop_grove
Vaults:1: nicolae_vaults_offset_grid_hallway_3, grunt_vaults_funnel,
          ontoclasm_vaults_loading_screen, nicolae_vaults_holding_cells,
          nicolae_vaults_what_the_h, vaults_dpeg_cross,
          vaults_room_grunt_arrival_ludios, v_pattern_4,
          nicolae_vaults_shelves_hall, nicolae_vaults_little_squares_6,
          vaults_room_ringed_pool, nicolae_vaults_alarming,
          layout_vaults_omnicross
Vaults:2: gammafunk_ghost_fury_of_okawaru, nicolae_vaults_little_guard_posts,
          nicolae_vaults_heist, nicolae_vaults_closet_pinwheel_6,
          vaults_dpeg_emergency_exit, vaults_dpeg_hooks,
          hangedman_vaults_corner, nicolae_vaults_network_square,
          v_alt_pattern_1, nicolae_vaults_taking_the_gang_shopping,
          vaults_dpeg_diagonal, nicolae_vaults_surprise_closet,
          ontoclasm_vaults_loading_screen, nicolae_vaults_diagonal_hallway_6,
          layout_vaults_chaotic_city, uniq_jory
Vaults:3: nicolae_vaults_lightning_bolt, nicolae_vaults_weapon_check,
          nicolae_vaults_triangles, nicolae_vaults_more_shelving_2,
          minmay_crypt_entry_simple_round, vaults_dpeg_ring, v_misc_29,
          ontoclasm_vaults_idyll, vaults_room_corners, layout_vaults_quadrants
Vaults:4: nicolae_vaults_little_squares_4, hangedman_vaults_stitches,
          nicolae_vaults_little_squares_4, nicolae_vaults_yaktaur_gun_rack,
          ontoclasm_vaults_idyll, vaults_standard_mumra_lines,
          nicolae_vaults_bisected_inception, hangedman_vaults_river_flow,
          ontoclasm_vaults_tryst, nicolae_vaults_heart-shaped_vault,
          v_pattern_5, v_alt_pattern_4, nicolae_vaults_trapezoid_lopsided_1,
          grunt_vaults_hallway_short, nicolae_vaults_circle_grid_b,
          ontoclasm_vaults_echo, layout_vaults_omnibox
Vaults:5
Crypt:1:  layout_chaotic_city, uniq_margery
Crypt:2:  layout_rooms, hellmonk_ghost_happy_afterlife, grunt_megastairs_3,
          uniq_saint_roka
Crypt:3:  cryptofortress_bobbens
Depths:1: layout_twisted_cross, abyss_entry_flame_altar, lightli_too_deep,
          dk_noncrumbling_2, nicolae_shop_unique_rings, drop_trap,
          nicolae_twisting_strands, evilmike_spriggan_trog_shrine,
          serial_bayou_shore_b, uniq_sojobo
Depths:2: cheibrodos_cascadia, layout_basic, grunt_pan_entry_in_and_out,
          hell_entry, hangedman_decor_clover_reticule, abyss_entry
Depths:3: thingy_vault, layout_gridville, enter_ziggurat_b,
          chequers_serial_rivers_large_a, rand_demon_pan_entry_8,
          pf_vacation_house_of_asmodeus, hangedman_abyss_entry_splay,
          firewood_loft, uniq_xtahua
Depths:4: grunt_x_marks_the_spot, layout_gridlike,
          hangedman_abyss_or_decor_stagger, hellmouth_1,
          minmay_shop_enchanted_jewellery, grunt_decor_clamped,
          serial_bayou_shore_b
Zot:1:    dreamdust_zin_vs_xom, layout_concentric_octagons, evilmike_ambush
          [evilmike_ambush_outer_corners, evilmike_ambush_inner_basic],
          grunt_megastairs_2
Zot:2:    layout_gridville, hangedman_zot_spectrum
Zot:3:    hangedman_orp_of_zott, layout_basic, lemuel_elevator
Zot:4:    grunt_zot_stairs_faceoff, layout_concentric_octagons
Zot:5:    layout_gridlike

Skill      XL: |  1  2  3  4  5  6  7  8  9 10 11 12 13 14 15 16 17 18 19 20 21 22 23 24 25 26 27 |
---------------+----------------------------------------------------------------------------------+-----
Spellcasting   | 3 8 10 11 | 11.2
Summonings     | 5 10 11 12 14 15 16 18 19 20 21 | 21.0
Fighting       | 1 2 4 5 8 10 11 13 15 18 20 | 20.3
Dodging        | 3 4 5 6 9 10 11 12 13 15 16 17 18 19 | 19.9
Air Magic      | 1 |  1.5
Evocations     | 2 8 |  8.0
Invocations    | 3 6 7 10 12 15 20 | 20.1
Maces & Flails | 3 7 |  7.0
Shields        | 2 7 10 12 15 | 15.0
Translocations | 3 4 5 |  5.0
Hexes          | 3 4 |  4.0
Long Blades    | 7 10 12 | 12.3
Armour         | 10 14 19 | 19.1
Stealth        | |  2.0

Action                     |  1- 3 |  4- 6 |  7- 9 | 10-12 | 13-15 | 16-18 | 19-21 | 22-24 | 25-27 || total
---------------------------+-------+-------+-------+-------+-------+-------+-------+-------+-------++-------
  Melee: Short sword       |    42 |       |       |       |       |       |       |       |       ||    42
         Spear             |     3 |       |    35 |       |       |       |       |       |       ||    38
         Staff             |       |       |     3 |       |       |       |       |       |       ||     3
         Whip              |       |       |    24 |   321 |   447 |   204 |       |       |       ||   996
         Punch             |       |       |     1 |    10 |       |       |       |       |       ||    11
         Katana            |       |       |       |       |       |   574 |  1205 |  2107 |  2417 ||  6303
         Scimitar          |       |       |       |       |       |     6 |       |       |       ||     6
         Eudemon blade     |       |       |       |       |       |       |       |       |   967 ||   967
   Fire: Sling             |     4 |    12 |       |       |       |       |       |       |       ||    16
  Throw: Dart              |       |       |       |       |       |       |       |       |     1 ||     1
   Cast: Summon Small Mamm |    15 |    10 |       |     1 |       |       |       |       |       ||    26
         Call Imp          |    14 |    19 |     1 |       |       |       |       |       |       ||    34
         Call Canine Famil |       |     7 |    61 |    79 |    71 |    34 |       |       |       ||   252
         Summon Lightning  |       |       |     2 |    34 |    27 |     6 |       |       |       ||    69
         Summon Guardian G |       |       |       |    12 |     3 |     1 |       |       |     1 ||    17
         Blink             |       |       |       |     1 |     1 |     4 |       |       |     5 ||    11
         Summon Cactus Gia |       |       |       |       |    78 |   161 |    52 |    19 |    13 ||   323
         Summon Mana Viper |       |       |       |       |       |    70 |    87 |    60 |    20 ||   237
         Summon Forest     |       |       |       |       |       |    13 |     7 |       |       ||    20
 Invoke: Summon Divine War |       |       |       |       |       |     1 |       |       |     4 ||     5
         Cleansing Flame   |       |       |       |       |       |       |       |     1 |     4 ||     5
         Divine Shield     |       |       |       |       |       |       |       |       |     1 ||     1
         Brand Weapon With |       |       |       |       |       |       |       |       |     1 ||     1
  Evoke: Wand              |       |       |     3 |     1 |     1 |     1 |       |     8 |    21 ||    35
         Box of beasts     |       |       |       |       |       |       |     1 |       |       ||     1
    Use: Scroll            |       |     2 |     7 |    14 |     8 |     9 |     3 |     5 |    23 ||    71
         Potion            |       |     1 |       |     1 |       |     5 |     2 |     1 |    43 ||    53
 Armour: Robe              |    37 |     2 |       |       |       |   145 |   308 |       |       ||   492
         Ring mail         |       |    23 |    38 |       |       |       |       |   493 |  1224 ||  1778
         Steam dragon scal |       |       |     4 |   207 |   239 |   255 |       |       |       ||   705
         Leather armour    |       |       |       |       |       |       |    20 |   113 |       ||   133
  Dodge: Dodged            |    59 |    13 |    44 |   228 |   281 |   561 |   461 |   993 |  1557 ||  4197
  Block: Kite shield       |       |       |       |     9 |   349 |   725 |   623 |  1252 |  2033 ||  4991

Table legend: (Time is in decaauts)
 A = Elapsed time spent in this place.
 B = Non-inter-level travel time spent in this place.
 C = Inter-level travel time spent in this place.
 D = Time resting spent in this place.
 E = Time spent auto-exploring this place.
 F = Levels seen in this place.
 G = Mean time per level.
                   A        B        C        D        E       F      G
               +--------+--------+--------+--------+--------+-----+--------+
         Total |  77492 |  71040 |   6452 |  17376 |  31881 |  55 | 1408.9 |
       Dungeon |  20139 |  17213 |   2926 |   2802 |   9928 |  15 | 1342.6 |
          Lair |   9309 |   8583 |    726 |   2577 |   4080 |   5 | 1861.8 |
         Swamp |   5906 |   5684 |    222 |   1696 |   2717 |   4 | 1476.5 |
   Spider Nest |   3966 |   3798 |    168 |    685 |   1972 |   4 |  991.5 |
  Orcish Mines |   3340 |   2672 |    668 |    506 |   1220 |   2 | 1670.0 |
   Elven Halls |   6978 |   6720 |    258 |   2018 |   2579 |   3 | 2326.0 |
        Vaults |  10523 |   9733 |    790 |   1739 |   4911 |   5 | 2104.6 |
         Crypt |   3547 |   3451 |     96 |    817 |   1336 |   3 | 1182.3 |
        Depths |   6803 |   6232 |    571 |   1310 |   3009 |   4 | 1700.8 |
           Zot |   4998 |   4977 |     21 |   2429 |     32 |   5 |  999.6 |
         Abyss |    482 |    482 |      0 |      0 |      0 |   4 |  120.5 |
      Ice Cave |   1494 |   1494 |      0 |    794 |     95 |   1 | 1494.0 |
               +--------+--------+--------+--------+--------+-----+--------+

Top non-repeatable levels by time:
   Elf:3: 3870 daAuts
   Zot:1: 2606 daAuts
   Orc:2: 2545 daAuts
  Lair:5: 2294 daAuts
Vaults:1: 2235 daAuts
Vaults:3: 2199 daAuts
    D:15: 2131 daAuts
 Swamp:1: 2089 daAuts
Vaults:4: 2088 daAuts
Depths:4: 2086 daAuts
     D:7: 2066 daAuts
     D:5: 2061 daAuts
Vaults:2: 2060 daAuts
  Lair:3: 1964 daAuts
Vaults:5: 1940 daAuts
